[Event "ICC tourney 2533 (25 5)"]
[Site "Internet Chess Club"]
[Date "2021.04.24"]
[Round "1"]
[White "MEI, AUSTIN R:K09-16090452"]
[Black "R N JOSEPH, CONNOR:K09-17248378"]
[Result "1-0"]
[ICCResult "Black checkmated"]
[WhiteElo "2149"]
[BlackElo "918"]
[Opening "King's gambit"]
[ECO "C30"]
[NIC "KG.05"]
[Time "11:02:46"]
[PlyCount "109"]
[TimeControl "1500+5"]

1. e4 e5 2. f4 Nc6 3. Nf3 d6 4. Nc3 Bg4 5. Bb5 a6 6. Ba4 b5 7. Bb3 Nd4 8.
O-O Nxb3 9. axb3 c6 10. h3 Qb6+ 11. Kh1 Bxf3 12. Qxf3 Be7 13. fxe5 f6 14.
exd6 Bxd6 15. d4 Qxd4 16. Nxb5 Qe5 17. Nxd6+ Qxd6 18. Bf4 Qe6 19. Rfd1 Rd8
20. Rxd8+ Kxd8 21. Rxa6 Ne7 22. Ra7 g5 23. Qd3+ Ke8 24. Bd6 Nc8 25. Ra8 Kd7
26. Bc5+ Kc7 27. Qg3+ Qe5 28. Qxe5+ fxe5 29. Kg1 Rd8 30. Be3 Rd1+ 31. Kf2
Rb1 32. Ra5 Rxb2 33. Rxe5 Rxc2+ 34. Kf3 Rc3 35. Rxg5 Rxb3 36. Rg7+ Kd6 37.
Rxh7 Ne7 38. h4 Ng6 39. Rh6 c5 40. Rxg6+ Kc7 41. Rg5 Kb6 42. Rxc5 Rxe3+ 43.
Kxe3 Kxc5 44. h5 Kd6 45. h6 Ke7 46. h7 Kf7 47. h8=Q Kg6 48. Qh3 Kg5 49. e5
Kg6 50. e6 Kf6 51. Ke4 Ke7 52. Ke5 Kf8 53. Qh8+ Ke7 54. Qg7+ Kd8 55. Qd7# {
Black checkmated } 1-0

[Event "ICC tourney 2533 (25 5)"]
[Site "Internet Chess Club"]
[Date "2021.04.24"]
[Round "1"]
[White "TANN, KEVIN:K09-16685678"]
[Black "SHAH, ROSHAN:K09-15246447"]
[Result "0-1"]
[ICCResult "White checkmated"]
[WhiteElo "142"]
[BlackElo "1320"]
[Opening "Saragossa opening"]
[ECO "A00"]
[NIC "VO.12"]
[Time "11:01:30"]
[PlyCount "86"]
[TimeControl "1500+5"]

1. c3 e5 2. d4 Nc6 3. dxe5 Nxe5 4. Bf4 Nc6 5. Nf3 Nf6 6. Bg5 Be7 7. Nd4 Ne5
8. Bf4 Ng6 9. Bg3 O-O 10. f3 Re8 11. Bf2 d5 12. Nd2 Bd7 13. e4 dxe4 14.
Nxe4 Bc5 15. Bd3 Bc6 16. Qc2 Nf4 17. a3 Nxd3+ 18. Qxd3 Nxe4 19. fxe4 Bxe4
20. Qg3 Bxg2+ 21. Kd2 Bxh1 22. Rxh1 Bxd4 23. Bxd4 f6 24. Rg1 g6 25. Qf2 c5
26. Qxf6 cxd4 27. Qxd4 Qxd4+ 28. cxd4 Rf8 29. Rg2 Rad8 30. Kd3 Rf4 31. h3
Rfxd4+ 32. Ke3 Rd3+ 33. Ke4 Rxh3 34. Rc2 Rh4+ 35. Ke3 Rh3+ 36. Ke4 Rh1 37.
Rc7 Re1+ 38. Kf4 Rf8+ 39. Kg5 Rg1+ 40. Kh6 Rh1+ 41. Kg5 Rf5+ 42. Kg4 Rg1+
43. Kh3 Rh5# { White checkmated } 0-1

[Event "ICC tourney 2533 (25 5)"]
[Site "Internet Chess Club"]
[Date "2021.04.24"]
[Round "1"]
[White "DENG, LILY:K09-16640701"]
[Black "PRASAD, SHIVAM:K09-16673648"]
[Result "1-0"]
[ICCResult "Black checkmated"]
[WhiteElo "1844"]
[BlackElo "789"]
[Opening "Three knights game"]
[ECO "C46"]
[NIC "KP.06"]
[Time "11:01:58"]
[PlyCount "109"]
[TimeControl "1500+5"]

1. e4 e5 2. Nf3 Nc6 3. Nc3 Bc5 4. Bb5 a6 5. Bxc6 dxc6 6. Nxe5 Qf6 7. d4 Bb6
8. O-O Ne7 9. Be3 O-O 10. h3 c5 11. dxc5 Ba5 12. Bd4 Nc6 13. Nxc6 Qxc6 14.
Nd5 Re8 15. Qf3 Be6 16. b4 Bxd5 17. exd5 Qb5 18. bxa5 Qxa5 19. Qg3 f6 20.
Bxf6 g6 21. Qg5 Qxc5 22. Qh6 Qf8 23. Qxf8+ Rxf8 24. Be5 Rad8 25. Rad1 Rf5
26. Bxc7 Rd7 27. d6 Re5 28. Rfe1 Rxe1+ 29. Rxe1 Kf7 30. Kh2 b5 31. Re7+
Rxe7 32. dxe7 Kxe7 33. a3 Kd7 34. Ba5 Kc6 35. Bb4 Kd5 36. Kg3 Ke5 37. Kf3
Kd4 38. Kf4 Kd5 39. g4 h6 40. h4 Kd4 41. Bf8 h5 42. gxh5 gxh5 43. Kg5 Ke5
44. f4+ Ke6 45. f5+ Ke5 46. Bg7+ Kd5 47. f6 Ke6 48. Kg6 a5 49. f7 Ke7 50.
f8=Q+ Kd7 51. Qc5 b4 52. axb4 axb4 53. Kf6 b3 54. cxb3 Ke8 55. Qe7# { Black
checkmated } 1-0

[Event "ICC tourney 2533 (25 5)"]
[Site "Internet Chess Club"]
[Date "2021.04.24"]
[Round "1"]
[White "GHOSH, PRARTHAN:K09-15038196"]
[Black "JIAN GARCIA, JAMES:K09-15774152"]
[Result "1-0"]
[ICCResult "Black checkmated"]
[WhiteElo "1916"]
[BlackElo "842"]
[Opening "King's Indian, 3.Nf3"]
[ECO "E61"]
[NIC "QP.06"]
[Time "11:03:26"]
[PlyCount "63"]
[TimeControl "1500+5"]

1. d4 Nf6 2. Nf3 g6 3. c4 Bg7 4. Nc3 O-O 5. Bg5 d6 6. e3 Nc6 7. Be2 Bf5 8.
a3 Ne4 9. Bh4 Qd7 10. Rc1 e5 11. d5 Na5 12. Nxe4 Bxe4 13. b4 Bxf3 14. gxf3
Qh3 15. Bg3 Nxc4 16. Rxc4 Rac8 17. Qc2 Qg2 18. Rf1 Bh6 19. Rxc7 Rxc7 20.
Qxc7 Qh3 21. Kd2 Qf5 22. Qxb7 Rc8 23. Bd3 Qxf3 24. Qxc8+ Kg7 25. Qc7 Qxd5
26. Qc4 Qf3 27. Be4 Qg4 28. Qd5 Qh3 29. Rc1 Bg5 30. Rc7 Kh6 31. Qxf7 Qf1
32. Qxh7# { Black checkmated } 1-0

[Event "ICC tourney 2533 (25 5)"]
[Site "Internet Chess Club"]
[Date "2021.04.24"]
[Round "1"]
[White "CHAVA, TARUN:K09-15546970"]
[Black "Y OH, JAMES:K09-15146868"]
[Result "0-1"]
[ICCResult "White checkmated"]
[WhiteElo "904"]
[BlackElo "2034"]
[Opening "Sicilian defense"]
[ECO "B40"]
[NIC "SI.43"]
[Time "11:10:30"]
[PlyCount "50"]
[TimeControl "1500+5"]

1. e4 c5 2. Nf3 e6 3. d3 Nc6 4. Nc3 d6 5. Be2 Nf6 6. O-O Be7 7. h3 O-O 8.
Nh2 d5 9. exd5 exd5 10. Bg4 Nxg4 11. Nxg4 Be6 12. Nh2 Bf6 13. Qf3 Nd4 14.
Qe4 dxe4 15. Nxe4 Ne2+ 16. Kh1 Bd5 17. Nxf6+ Qxf6 18. Be3 Qe6 19. Rae1 Qxh3
20. f3 Ng3+ 21. Kg1 Qh4 22. c4 Bc6 23. Bf2 Rfe8 24. Rd1 Re6 25. Ng4 Qh1# {
White checkmated } 0-1

[Event "ICC tourney 2533 (25 5)"]
[Site "Internet Chess Club"]
[Date "2021.04.24"]
[Round "1"]
[White "KENGSOONTRA, PATRICK:K09-15777277"]
[Black "LIN, DANIEL:K09-16504433"]
[Result "1-0"]
[ICCResult "Black checkmated"]
[WhiteElo "1642"]
[BlackElo "663"]
[Opening "French: exchange variation"]
[ECO "C01"]
[NIC "FR.01"]
[Time "11:02:43"]
[PlyCount "71"]
[TimeControl "1500+5"]

1. e4 e6 2. d4 d5 3. exd5 exd5 4. Nf3 Nf6 5. Bd3 c5 6. O-O Nbd7 7. Bf4 Be7
8. Re1 O-O 9. Nc3 c4 10. Bf1 Nb6 11. h3 Bd6 12. Qd2 Bb4 13. Bg5 Qd6 14.
Bxf6 Qxf6 15. a3 Ba5 16. b4 cxb3 17. cxb3 Be6 18. b4 Nc4 19. Bxc4 dxc4 20.
bxa5 Rfd8 21. Rab1 Bd5 22. Nxd5 Rxd5 23. Rxb7 Qc6 24. Qb2 c3 25. Rb8+ Rd8
26. Rxd8+ Rxd8 27. Qc2 Rb8 28. Rb1 Re8 29. Rb3 Qc4 30. Rxc3 Qa6 31. Ne5 f6
32. Qb3+ Kh8 33. Nf7+ Kg8 34. Nh6+ Kh8 35. Qg8+ Rxg8 36. Nf7# { Black
checkmated } 1-0

[Event "ICC tourney 2533 (25 5)"]
[Site "Internet Chess Club"]
[Date "2021.04.24"]
[Round "1"]
[White "HE, STEPHEN:K09-14726703"]
[Black "RAVINUTALA, NITYA:K09-15006650"]
[Result "1-0"]
[ICCResult "Black checkmated"]
[WhiteElo "2066"]
[BlackElo "912"]
[Opening "Sicilian: Pelikan (Lasker/Sveshnikov) variation"]
[ECO "B33"]
[NIC "SI.35"]
[Time "11:03:26"]
[PlyCount "37"]
[TimeControl "1500+5"]

1. e4 c5 2. Nf3 Nc6 3. d4 cxd4 4. Nxd4 Nf6 5. Nc3 e5 6. Nb3 Bb4 7. Bd3 d5
8. exd5 Nxd5 9. Bd2 Bxc3 10. bxc3 O-O 11. O-O Re8 12. Re1 f6 13. Qh5 h6 14.
Qg6 Kf8 15. Qh7 Ke7 16. Qxg7+ Kd6 17. c4 Rg8 18. Qf7 Be6 19. c5# { Black
checkmated } 1-0

[Event "ICC tourney 2533 (25 5)"]
[Site "Internet Chess Club"]
[Date "2021.04.24"]
[Round "1"]
[White "DESAI, SATVIK:K09-17061744"]
[Black "RAJARAM, ANIKA:K09-15446678"]
[Result "0-1"]
[ICCResult "White checkmated"]
[WhiteElo "794"]
[BlackElo "1858"]
[Opening "Sicilian defense"]
[ECO "B40"]
[NIC "SI.43"]
[Time "11:03:06"]
[PlyCount "50"]
[TimeControl "1500+5"]

1. e4 c5 2. Nf3 e6 3. Nc3 Nc6 4. Bb5 Nd4 5. d3 Nxb5 6. Nxb5 a6 7. Nc3 b5 8.
a3 Bb7 9. O-O d5 10. Bg5 Be7 11. Bxe7 Nxe7 12. Qe2 d4 13. Na2 Ng6 14. c3 e5
15. Rac1 Qd6 16. c4 Nf4 17. Qd2 Qg6 18. g3 Qh5 19. gxf4 Qg4+ 20. Kh1 Qxf3+
21. Kg1 Bc8 22. f5 g6 23. cxb5 gxf5 24. Rxc5 Rg8+ 25. Qg5 Rxg5# { White
checkmated } 0-1

[Event "ICC tourney 2533 (25 5)"]
[Site "Internet Chess Club"]
[Date "2021.04.24"]
[Round "1"]
[White "NG, TIMOTHY:K09-15541548"]
[Black "YEE, AUSTEN:K09-16394945"]
[Result "1-0"]
[ICCResult "Black resigns"]
[WhiteElo "1857"]
[BlackElo "804"]
[Opening "Two knights defense (Modern bishop's opening)"]
[ECO "C55"]
[NIC "IG.01"]
[Time "11:03:12"]
[PlyCount "51"]
[TimeControl "1500+5"]

1. e4 e5 2. Nf3 Nc6 3. Bc4 Nf6 4. d3 Be7 5. c3 O-O 6. Bb3 d5 7. Qe2 d4 8.
O-O Bg4 9. h3 Bh5 10. Rd1 Qd7 11. Nbd2 Rfd8 12. Nf1 Ne8 13. Ng3 Bg6 14. Bd2
Kh8 15. Rac1 Nd6 16. Bd5 f5 17. Bxc6 bxc6 18. Nxe5 Qe8 19. Nxg6+ Qxg6 20.
exf5 Qf6 21. cxd4 Re8 22. Qf3 Qxd4 23. Bc3 Qa4 24. Nh5 Bf6 25. Nxf6 gxf6
26. Bxf6+ { Black resigns } 1-0

[Event "ICC tourney 2533 (25 5)"]
[Site "Internet Chess Club"]
[Date "2021.04.24"]
[Round "1"]
[White "PEREZ, MARCOS:K09-15942255"]
[Black "MERRILL, SYLVIA:K09-15066418"]
[Result "0-1"]
[ICCResult "White checkmated"]
[WhiteElo "584"]
[BlackElo "1540"]
[Opening "Sicilian"]
[ECO "B50"]
[NIC "SI.01"]
[Time "11:02:59"]
[PlyCount "78"]
[TimeControl "1500+5"]

1. e4 c5 2. Nf3 d6 3. Nc3 Nc6 4. Bc4 Nf6 5. d3 g6 6. Bg5 Bg7 7. O-O O-O 8.
h3 Bd7 9. Nd5 Nxd5 10. exd5 Na5 11. Qe2 Re8 12. d4 cxd4 13. Nxd4 Bxd4 14.
c3 Bg7 15. Rac1 Nxc4 16. Qxc4 Rc8 17. Qd3 Qa5 18. Bd2 Qxa2 19. Rc2 Qc4 20.
Qxc4 Rxc4 21. Ra1 a6 22. b3 Rc5 23. Be3 Rxd5 24. Ra4 Bxa4 25. bxa4 Rc8 26.
c4 Rd1+ 27. Kh2 Ra1 28. c5 Rxa4 29. f4 dxc5 30. Bxc5 Rxf4 31. g3 Rf5 32. g4
Rfxc5 33. Rxc5 Rxc5 34. Kg3 a5 35. Kh4 a4 36. Kg3 a3 37. Kh4 a2 38. Kg3
a1=Q 39. Kh4 Qe1# { White checkmated } 0-1

[Event "ICC tourney 2533 (25 5)"]
[Site "Internet Chess Club"]
[Date "2021.04.24"]
[Round "1"]
[White "BHEEMAVARAPU, SREEKAR:K09-16737643"]
[Black "UZ, KAGAN:K09-16434922"]
[Result "0-1"]
[ICCResult "White checkmated"]
[WhiteElo "754"]
[BlackElo "1809"]
[Opening "Four knights: Italian variation"]
[ECO "C55"]
[NIC "IG.01"]
[Time "11:02:22"]
[PlyCount "68"]
[TimeControl "1500+5"]

1. e4 e5 2. Nf3 Nc6 3. Bc4 Nf6 4. Nc3 Nxe4 5. Nxe4 d5 6. Bd3 dxe4 7. Bxe4
Nb4 8. Nxe5 Qd4 9. Qe2 Qxe5 10. c3 f5 11. cxb4 Qxe4 12. d3 Bxb4+ 13. Bd2
Qxe2+ 14. Kxe2 Bd6 15. Rae1 O-O 16. Kd1 Bd7 17. f3 a5 18. g3 b6 19. Re3 Bc5
20. Re5 Rf7 21. Bf4 Bd6 22. Rd5 Bxf4 23. gxf4 Bc6 24. Re5 Bxf3+ 25. Kd2
Bxh1 26. b3 Rd8 27. Kc3 Rfd7 28. Re3 Bb7 29. a4 Ba6 30. Kb2 Rxd3 31. Re5
Rd2+ 32. Ka3 Rxh2 33. Rxf5 Rdd2 34. b4 Rh3# { White checkmated } 0-1

[Event "ICC tourney 2533 (25 5)"]
[Site "Internet Chess Club"]
[Date "2021.04.24"]
[Round "1"]
[White "SHEORAN, SAANVI:K09-17350815"]
[Black "GANTI AGRAWAL, SIDDHARTH:K09-15429648"]
[Result "0-1"]
[ICCResult "White checkmated"]
[WhiteElo "730"]
[BlackElo "1748"]
[Opening "Sicilian: Najdorf, Byrne (English) attack"]
[ECO "B90"]
[NIC "SI.14"]
[Time "11:03:46"]
[PlyCount "92"]
[TimeControl "1500+5"]

1. e4 c5 2. Nf3 d6 3. d4 cxd4 4. Nxd4 Nf6 5. Nc3 a6 6. Be3 e5 7. Nf3 Be7 8.
Be2 O-O 9. O-O Be6 10. Qd3 Nbd7 11. b3 h6 12. Rad1 Rc8 13. Nd2 Qc7 14. f4
exf4 15. Bxf4 Qxc3 16. Rf3 Qxc2 17. Bxd6 Qxd3 18. Rxd3 Bxd6 19. Rxd6 Ne5
20. Nc4 Nxc4 21. bxc4 Nxe4 22. R6d4 Nc3 23. R1d2 Nxe2+ 24. Rxe2 Rxc4 25.
Rd1 Bg4 26. Ree1 Bxd1 27. Rxd1 Rfc8 28. Rf1 Rc1 29. g4 Rxf1+ 30. Kxf1 Rc1+
31. Ke2 Rc2+ 32. Kd3 Rxa2 33. h3 Rh2 34. h4 Rxh4 35. Ke4 Rh2 36. Kf4 a5 37.
g5 a4 38. gxh6 a3 39. h7+ Kxh7 40. Kg5 a2 41. Kg4 a1=Q 42. Kg3 Qe5+ 43. Kg4
Rg2+ 44. Kf3 Rg3+ 45. Kf2 Qe3+ 46. Kf1 Rg1# { White checkmated } 0-1

[Event "ICC tourney 2533 (25 5)"]
[Site "Internet Chess Club"]
[Date "2021.04.24"]
[Round "1"]
[White "BECKER, SEAN:K09-15734464"]
[Black "CHANDRAN, HARISH:K09-15751871"]
[Result "0-1"]
[ICCResult "White checkmated"]
[WhiteElo "598"]
[BlackElo "1561"]
[Opening "Réti opening"]
[ECO "A05"]
[NIC "QP.11"]
[Time "11:03:39"]
[PlyCount "62"]
[TimeControl "1500+5"]

1. Nf3 Nf6 2. Nc3 g6 3. g3 Bg7 4. Bg2 O-O 5. O-O Nc6 6. d4 d5 7. Bf4 a6 8.
Qd2 Bf5 9. Ne5 Nb4 10. e3 Nxc2 11. Rac1 h6 12. Qe2 g5 13. e4 Nxd4 14. Qe3
dxe4 15. Nxe4 Bxe4 16. Bxe4 Nxe4 17. Qxe4 gxf4 18. Qxf4 Ne2+ 19. Kh1 Nxf4
20. gxf4 Qd5+ 21. f3 Bxe5 22. fxe5 Kh7 23. Rce1 Rg8 24. h3 Rg3 25. Kh2 Rag8
26. Re3 Qd2+ 27. Re2 Qxe2+ 28. Rf2 Rg2+ 29. Kh1 Qe1+ 30. Rf1 Rg1+ 31. Kh2
R8g2# { White checkmated } 0-1

[Event "ICC tourney 2533 (25 5)"]
[Site "Internet Chess Club"]
[Date "2021.04.24"]
[Round "1"]
[White "VUTUKURY, DHRUVA:K09-15485164"]
[Black "MAHAJAN, RUSHAAN:K09-15449416"]
[Result "0-1"]
[ICCResult "White checkmated"]
[WhiteElo "930"]
[BlackElo "2209"]
[Opening "Queen's Indian accelerated"]
[ECO "A50"]
[NIC "QP.07"]
[Time "11:03:06"]
[PlyCount "60"]
[TimeControl "1500+5"]

1. d4 Nf6 2. c4 b6 3. Nc3 Bb7 4. Bf4 g6 5. e3 Bg7 6. Nf3 O-O 7. d5 e6 8. e4
exd5 9. cxd5 Re8 10. Bg5 d6 11. Bd3 h6 12. Bxf6 Qxf6 13. O-O Nd7 14. Bb5
Re7 15. Qa4 Nc5 16. Qc4 a6 17. Bc6 b5 18. Qb4 Bxc6 19. dxc6 Nd3 20. Qb3 Nf4
21. g3 b4 22. Qxb4 Nd3 23. Qb7 Qxf3 24. Qxa8+ Kh7 25. Nd5 Rxe4 26. Qxa6 Bd4
27. Ne3 Rxe3 28. fxe3 Bxe3+ 29. Rf2 Qxf2+ 30. Kh1 Qf3# { White checkmated }
0-1

[Event "ICC tourney 2533 (25 5)"]
[Site "Internet Chess Club"]
[Date "2021.04.24"]
[Round "1"]
[White "WILLIAM WHITE, CHARLES:K09-17140270"]
[Black "MENON, GAURI:K09-15187152"]
[Result "0-1"]
[ICCResult "White checkmated"]
[WhiteElo "857"]
[BlackElo "1960"]
[Opening "Queen's pawn: stonewall attack"]
[ECO "D00"]
[NIC "QP.08"]
[Time "11:01:38"]
[PlyCount "68"]
[TimeControl "1500+5"]

1. d4 d5 2. e3 Nf6 3. Bd3 c5 4. c3 Nc6 5. f4 Bg4 6. Qd2 e6 7. h3 Bf5 8. Nf3
c4 9. Bc2 Be7 10. Ne5 Ne4 11. Bxe4 Bh4+ 12. Kd1 Bxe4 13. Qe2 Nxe5 14. fxe5
Qg5 15. Rg1 Qf5 16. g3 Bf3 17. gxh4 Qd3+ 18. Bd2 Qxe2+ 19. Kc1 g6 20. Re1
Qg2 21. e4 Bxe4 22. Na3 a6 23. b4 Qxh3 24. Kb2 Qd3 25. Rad1 Qg3 26. b5 axb5
27. Nxb5 Kd7 28. Nd6 Bf5 29. Nxb7 Rhb8 30. Rg1 Rxb7+ 31. Ka1 Rba7 32. a4
Rxa4+ 33. Kb2 Rb8+ 34. Kc1 Ra1# { White checkmated } 0-1

[Event "ICC tourney 2533 (25 5)"]
[Site "Internet Chess Club"]
[Date "2021.04.24"]
[Round "1"]
[White "CHAKRAVARTY, ARITRO:K09-16061277"]
[Black "FRANKS, IAN:K09-15256952"]
[Result "1-0"]
[ICCResult "Black checkmated"]
[WhiteElo "1886"]
[BlackElo "820"]
[Opening "Neo-Grünfeld, 6.O-O"]
[ECO "D77"]
[NIC "GI.02"]
[Time "11:01:30"]
[PlyCount "71"]
[TimeControl "1500+5"]

1. d4 Nf6 2. Nf3 g6 3. g3 d5 4. Bg2 Bg7 5. O-O O-O 6. c4 e6 7. b3 b6 8. Bb2
Bb7 9. Nc3 c5 10. cxd5 exd5 11. dxc5 bxc5 12. e3 Nc6 13. Qd2 Ba6 14. Rfd1
Ne4 15. Nxe4 dxe4 16. Bxg7 Kxg7 17. Qb2+ Qf6 18. Qxf6+ Kxf6 19. Nd2 Kg7 20.
Nxe4 Nb4 21. Nxc5 Be2 22. Rd2 Rac8 23. Nd7 Rfd8 24. Rxe2 Rxd7 25. a3 Nc2
26. Rc1 Rdc7 27. Rd1 Nxa3 28. Red2 Nb5 29. h4 Rc3 30. Rd7 Rxb3 31. Bd5 Rbc3
32. Rxf7+ Kh6 33. g4 R8c7 34. g5+ Kh5 35. Rf4 Rd7 36. Bf3# { Black
checkmated } 1-0

[Event "ICC tourney 2533 (25 5)"]
[Site "Internet Chess Club"]
[Date "2021.04.24"]
[Round "1"]
[White "BYRD, JONATHAN:K09-15330261"]
[Black "PARK, EVAN:K09-15748464"]
[Result "0-1"]
[ICCResult "White checkmated"]
[WhiteElo "952"]
[BlackElo "2322"]
[Opening "Robatsch (modern) defense"]
[ECO "B06"]
[NIC "KF.06"]
[Time "11:03:26"]
[PlyCount "68"]
[TimeControl "1500+5"]

1. e4 g6 2. Nf3 Bg7 3. Bc4 e6 4. Nc3 Ne7 5. d3 d5 6. Bb3 O-O 7. O-O a5 8.
a4 Na6 9. Be3 d4 10. Bxd4 Bxd4 11. Nxd4 Qxd4 12. Nb5 Qd8 13. c3 c6 14. Nd4
e5 15. Nf3 Bg4 16. h3 Bxf3 17. Qxf3 Nc5 18. Bc4 Nc8 19. Rfd1 Nb6 20. Qe3
Qe7 21. d4 Nxc4 22. Qe2 Nb3 23. Ra3 Nxa3 24. bxa3 exd4 25. cxd4 Qxa3 26. e5
Rfe8 27. Rb1 Nxd4 28. Qe4 Qxa4 29. Qxd4 Qxd4 30. Rxb7 Rxe5 31. Rc7 Re2 32.
Kh2 Qf4+ 33. g3 Qxf2+ 34. Kh1 Qg2# { White checkmated } 0-1

[Event "ICC tourney 2533 (25 5)"]
[Site "Internet Chess Club"]
[Date "2021.04.24"]
[Round "1"]
[White "CONTRERAS, NATHAN:K09-16265062"]
[Black "CHUNG, JACOB:K09-16350401"]
[Result "0-1"]
[ICCResult "White checkmated"]
[WhiteElo "424"]
[BlackElo "1434"]
[Opening "Bird's opening"]
[ECO "A02"]
[NIC "VO.07"]
[Time "11:02:05"]
[PlyCount "104"]
[TimeControl "1500+5"]

1. f4 e6 2. Nf3 Nc6 3. d4 Nf6 4. Nc3 d5 5. Ne5 Bb4 6. Nxc6 bxc6 7. Bd2 c5
8. dxc5 Bxc5 9. Na4 Bd6 10. e3 O-O 11. Bd3 e5 12. O-O Bd7 13. Nc3 exf4 14.
exf4 Bc5+ 15. Kh1 d4 16. Ne4 Nxe4 17. Bxe4 Re8 18. Qe1 Bc6 19. Bxc6 Rxe1
20. Rfxe1 Rb8 21. Re8+ Qxe8 22. Bxe8 Rxe8 23. c3 Re2 24. Rd1 Kf8 25. h3 Ke8
26. cxd4 Bxd4 27. Bc3 Bxc3 28. bxc3 Rxa2 29. Re1+ Kd7 30. h4 Rc2 31. Re3 a5
32. Rd3+ Ke6 33. g4 a4 34. f5+ Ke7 35. Kg1 a3 36. c4 a2 37. Ra3 Rc1+ 38.
Kg2 a1=Q 39. Rxa1 Rxa1 40. Kg3 Ra4 41. h5 Rxc4 42. Kh4 Kf6 43. Kg3 Kg5 44.
Kh3 Rxg4 45. h6 gxh6 46. f6 Kf4 47. Kh2 Kf3 48. Kh3 h5 49. Kh2 Rg3 50. Kh1
h6 51. Kh2 Kf2 52. Kh1 Rh3# { White checkmated } 0-1

[Event "ICC tourney 2533 (25 5)"]
[Site "Internet Chess Club"]
[Date "2021.04.24"]
[Round "1"]
[White "SIVAPRAKASH, AARUDHRAN:K09-15971582"]
[Black "GODLAVETI, PRACHETH:K09-15635626"]
[Result "0-1"]
[ICCResult "White checkmated"]
[WhiteElo "711"]
[BlackElo "1725"]
[Opening "Sicilian: closed, 2...Nc6"]
[ECO "B23"]
[NIC "SI.44"]
[Time "11:01:47"]
[PlyCount "84"]
[TimeControl "1500+5"]

1. e4 c5 2. Nc3 Nc6 3. Nf3 e6 4. Bb5 a6 5. Bxc6 bxc6 6. d3 d5 7. Bg5 Be7 8.
O-O Bxg5 9. Nxg5 Qxg5 10. f3 d4 11. Na4 Nf6 12. f4 Qg4 13. Rf3 Nd7 14. c3
O-O 15. Qb3 Rb8 16. Qc4 Nb6 17. Nxb6 Rxb6 18. Qxc5 Rxb2 19. Rf2 Rxf2 20.
Kxf2 Qxf4+ 21. Kg1 Qe3+ 22. Kh1 Qxd3 23. cxd4 Rd8 24. Rc1 Qxd4 25. Qxd4
Rxd4 26. h3 Bd7 27. e5 f6 28. exf6 gxf6 29. a3 Rd3 30. Ra1 c5 31. Rc1 Rd5
32. a4 Bxa4 33. Ra1 Rd1+ 34. Rxd1 Bxd1 35. g4 c4 36. Kg1 c3 37. Kf1 c2 38.
Ke1 c1=Q 39. h4 Qc2 40. g5 Bf3 41. Kf1 Qe2+ 42. Kg1 Qg2# { White checkmated
} 0-1

[Event "ICC tourney 2533 (25 5)"]
[Site "Internet Chess Club"]
[Date "2021.04.24"]
[Round "1"]
[White "RUBINSTEIN MASH, ALEXANDER:K09-15052095"]
[Black "T FEDDERSEN, NICHOLAS:K09-17108237"]
[Result "1-0"]
[ICCResult "Black resigns"]
[WhiteElo "1674"]
[BlackElo "682"]
[Opening "Caro-Kann defense"]
[ECO "B11"]
[NIC "CK.01"]
[Time "11:03:18"]
[PlyCount "61"]
[TimeControl "1500+5"]

1. e4 c6 2. Nc3 d5 3. Qe2 e6 4. f4 dxe4 5. Nxe4 Nf6 6. d3 Nbd7 7. Nf3 Be7
8. g3 Rb8 9. Bg2 b6 10. Nd4 Bb7 11. Nxf6+ Nxf6 12. Bxc6+ Nd7 13. Qf3 Qc7
14. Bxb7 Rxb7 15. Nb5 Qc8 16. O-O a6 17. Nd4 Bc5 18. Be3 O-O 19. c3 Rc7 20.
f5 Ne5 21. Qe4 Nc6 22. fxe6 Bxd4 23. exf7+ Rfxf7 24. Bxd4 Nxd4 25. Qxd4 b5
26. Rae1 Rcd7 27. Qe5 Rxf1+ 28. Rxf1 Rxd3 29. Qe7 Rd7 30. Qe6+ Kh8 31. Qxd7
{ Black resigns } 1-0

[Event "ICC tourney 2533 (25 5)"]
[Site "Internet Chess Club"]
[Date "2021.04.24"]
[Round "1"]
[White "CHI, ZIYANG:K09-16218796"]
[Black "WISNIOWSKI, NATALIE:K09-15702390"]
[Result "0-1"]
[ICCResult "White resigns"]
[WhiteElo "879"]
[BlackElo "2006"]
[Opening "Sicilian"]
[ECO "B50"]
[NIC "SI.01"]
[Time "11:01:15"]
[PlyCount "76"]
[TimeControl "1500+5"]

1. e4 c5 2. Nf3 d6 3. c3 Nf6 4. d3 g6 5. Bd2 Bg7 6. Bg5 O-O 7. Bxf6 Bxf6 8.
d4 cxd4 9. cxd4 Nc6 10. Nc3 Bg4 11. Be2 Bxf3 12. Bxf3 Nxd4 13. O-O Rc8 14.
Rc1 e6 15. Re1 Qb6 16. Na4 Qb4 17. Rxc8 Nxf3+ 18. gxf3 Rxc8 19. a3 Qb5 20.
b3 Qg5+ 21. Kf1 b5 22. Qxd6 bxa4 23. bxa4 Qc5 24. Qf4 Qe5 25. Qh6 Bg5 26.
Qh3 Rc3 27. Qg2 Rxa3 28. Kg1 Rxa4 29. Qg4 Bf4 30. Rd1 Ra1 31. Rxa1 Qxa1+
32. Kg2 Qe5 33. Kh3 Qh5+ 34. Qxh5 gxh5 35. Kg2 a5 36. Kf1 a4 37. Ke2 a3 38.
Kd1 a2 { White resigns } 0-1

[Event "ICC tourney 2533 (25 5)"]
[Site "Internet Chess Club"]
[Date "2021.04.24"]
[Round "1"]
[White "ROLAND MOLNAR, MIHAI:K09-16645268"]
[Black "GOWDA, PRAKYATH:K09-16326375"]
[Result "1-0"]
[ICCResult "Black checkmated"]
[WhiteElo "1421"]
[BlackElo "383"]
[Opening "Scandinavian defense"]
[ECO "B01"]
[NIC "SD.03"]
[Time "11:01:11"]
[PlyCount "49"]
[TimeControl "1500+5"]

1. e4 d5 2. exd5 Nf6 3. Nc3 Nxd5 4. Nf3 Bg4 5. h3 Nxc3 6. bxc3 Bh5 7. Bb2
Nc6 8. Be2 e6 9. O-O Bc5 10. Re1 O-O 11. d4 Bb6 12. Qd3 Bg6 13. Qd2 e5 14.
Bd3 Bxd3 15. Qxd3 exd4 16. cxd4 Nb4 17. Qb3 Ba5 18. Re5 Nc6 19. Rg5 Bb6 20.
d5 Nd4 21. Rxg7+ Kxg7 22. Nxd4 c6 23. Ne6+ Kg8 24. Qg3+ Qg5 25. Qxg5# {
Black checkmated } 1-0

[Event "ICC tourney 2533 (25 5)"]
[Site "Internet Chess Club"]
[Date "2021.04.24"]
[Round "1"]
[White "FARRIS, NORA GRACE:K09-16974693"]
[Black "ZONG, DAVIS:K09-14980186"]
[Result "0-1"]
[ICCResult "White resigns"]
[WhiteElo "947"]
[BlackElo "2269"]
[Opening "Ruy Lopez: four knights (Tarrasch) variation"]
[ECO "C77"]
[NIC "RL.12"]
[Time "11:02:47"]
[PlyCount "86"]
[TimeControl "1500+5"]

1. e4 e5 2. Nf3 Nc6 3. Bb5 a6 4. Ba4 Nf6 5. Nc3 b5 6. Bb3 Be7 7. O-O O-O 8.
d3 d6 9. h3 Na5 10. Bd5 c6 11. Bb3 Qc7 12. a3 Nxb3 13. cxb3 h6 14. Be3 Bb7
15. Rc1 Rac8 16. Nd5 Nxd5 17. exd5 Qd7 18. dxc6 Bxc6 19. d4 e4 20. Nd2 f5
21. f3 f4 22. Bf2 e3 23. Ne4 exf2+ 24. Nxf2 Bd5 25. Rb1 Qc6 26. Nd3 Qb6 27.
Nb4 Bf7 28. Re1 Bf6 29. Kh1 a5 30. Nd3 Qxd4 31. Re4 Qd5 32. b4 Bg6 33. Nxf4
Qxd1+ 34. Rxd1 Bxe4 35. fxe4 axb4 36. axb4 Rc2 37. Ne6 Rfc8 38. Kg1 Be5 39.
b3 Kf7 40. Nd4 Rc1 41. Rxc1 Rxc1+ 42. Kf2 Bxd4+ 43. Kg3 Rc3+ { White
resigns } 0-1